 Dungeon Crawl Stone Soup version 0.31-a0-925-g0a390f2509 (webtiles) character file.

Game seed: 17730188814499272208

384 lunkers the Insei (level 7, -2/78 HPs)
             Began as a Meteoran Shapeshifter on Oct 18, 2023.
             Slain by a gnoll
             ... wielding a +0 spear
              (5 damage)
             ... on level 5 of the Dungeon.
             The game lasted 00:03:47 (1798 turns).

lunkers the Insei (Meteoran Shapeshifter)           Turns: 1798, Time: 00:03:47

Health: -2/78      AC: 23    Str: 15    XL:     7   Next: 27%
Magic:  8/8        EV:  2    Int: 13    God:
Gold:   204        SH:  0    Dex: 15    Spells: 6/6 levels left

rFire   . .          .
                       - Unarmed
rCold   . . .        (no shield)
rNeg    . . .        s - melded +0 scale mail
rPois   +            (helmet currently unavailable)
rElec   .            (cloak currently unavailable)
rCorr   .            (gloves currently unavailable)
SInv    .            (boots currently unavailable)
Will    .....        (no amulet)
Stlth   +            (no ring)
HPRegen 0.33/turn    (no ring)
MPRegen 0.11/turn

%: no passive effects
@: lethally poisoned (-2 -> -4), tree-form, glowing
A: stationary, stasis, torment immunity, boosted hp, sense surroundings 1,
otherworldly, glowing, explore regen
a: no special abilities


You were on level 5 of the Dungeon.
You were a tree.
You visited 1 branch of the dungeon, and saw 5 of its levels.

You collected 204 gold pieces.

Inventory:

Armour
 i - a +0 pair of gloves
 s - a +0 scale mail (melded)
Talismans
 c - a beast talisman
 d - a flux talisman
Wands
 k - a wand of polymorph (13)
 A - a wand of mindburst (3)
Scrolls
 f - 2 scrolls of identify {unknown}
 j - 2 scrolls of brand weapon {unknown}
 m - 2 scrolls of revelation {unknown}
 n - 2 scrolls of teleportation {unknown}
 r - a scroll of summoning {unknown}
 t - a scroll of fog {unknown}
 u - a scroll of enchant weapon {unknown}
 v - a scroll of acquirement {unknown}
 x - 2 scrolls of enchant armour {unknown}
 y - 2 scrolls of fear {unknown}
 z - 2 scrolls of immolation {unknown}
Potions
 a - a potion of heal wounds {unknown}
 e - a potion of invisibility {unknown}
 g - 2 potions of haste {unknown}
 h - 2 potions of brilliance {unknown}
 l - 2 potions of berserk rage {unknown}
 o - a potion of degeneration {unknown}
 p - 4 potions of attraction {unknown}
 q - 3 potions of curing {unknown}
 w - 3 potions of might {unknown}


   Skills:
 - Level 1.1 Fighting
 - Level 2.1 Dodging
 * Level 7.5 Unarmed Combat
 + Level 5.6 Shapeshifting


You had 6 spell levels left.
You didn't know any spells.
Your spell library contained the following spells:

 Spells                   Type           Power      Damage    Failure   Level
 Magic Dart               Conj           0%         1d3       30%         1
 Call Imp                 Summ           0%         N/A       43%         2
 Mephitic Cloud           Conj/Pois/Air  0%         N/A       67%         3


Dungeon Overview and Level Annotations

Branches:
Dungeon (5/15) Zot: 1219   Temple (0/1) D:5

Altars:
Cheibriados

Shops:
D:1 !   D:3 *[!


Innate Abilities, Weirdness & Mutations

You are a tree.
Your roots penetrate the ground, keeping you stationary.
You cannot be teleported.
You are immune to unholy pain and torment.
Your maximum health is greatly increased.
Your equipment is partially melded.
You passively map a small area around you.
You are easily found by Zot.
You glow in the dark.
You regain HP and MP as you explore.


Message History

The steam dragon bites you but does no damage.
The steam dragon claws you but does no damage.
The gnoll hits you but does no damage.
You hit the steam dragon.
The steam dragon is moderately wounded.
You feel sick.
The gnoll hits you from afar with a +0 spear.
* * * LOW HITPOINT WARNING * * *
The steam dragon breathes steam at you. The ball of steam hits you!
* * * LOW HITPOINT WARNING * * *
You hear an angry growl.
You closely miss the steam dragon.
The steam dragon is moderately wounded.
You are engulfed in a cloud of scalding steam.
You feel sick.
You hit the steam dragon.
The steam dragon is severely wounded.
You are engulfed in a cloud of scalding steam.
You feel sick. The steam dragon bites you.
* * * LOW HITPOINT WARNING * * *
The steam dragon claws you but does no damage.
The gnoll hits you but does no damage.
You smack the steam dragon!
You kill the steam dragon!
You are engulfed in a cloud of scalding steam.
* * * LOW HITPOINT WARNING * * *
* * * LOW HITPOINT WARNING * * *
You feel sick. The gnoll barely misses you.
Your Unarmed Combat skill increases to level 7!
You have reached level 7!
Aiming: Mindburst
Press: ? - help, Shift-Dir - straight line, f - jelly
Aim: a jelly (steam, not susceptible)
The jelly is unaffected.
You are engulfed in a cloud of scalding steam.
* * * LOW HITPOINT WARNING * * *
You feel sick.
The gnoll hits you from afar with a +0 spear.
You die...

, ####+
####...###... ....#
, #.....*
#......(.# ####.# ,
#.....# #..†.##..#
#.#
#...g..####....# ,#
* * .
,.D...g.........#,
.
...g...#g####......
* , #......#g#
#.##.. , ,
#......#g#####.....
#........J♣§...§(.
, * , *
#........###.?###..
, * *#######..#
...... #...,,, ...#
* * #..#* ,,... ,
#... ,.# #..# . , *
#.. , , *


You could see a jelly and a gnoll.

Vanquished Creatures
  A steam dragon (D:5)
  2 scorpions (D:5)
  A sleepcap (D:4)
  4 adders
  An adder zombie (D:2)
  A worm (D:3)
  4 dart slugs
  An orc (D:3)
  9 ball pythons
  A bat skeleton (D:2)
  5 endoplasms
  3 giant cockroaches
  3 goblins
  2 hobgoblins
  3 quokkas
  2 ball python skeletons (D:2)
  2 ball python zombies (D:2)
  6 bats
  3 frilled lizards
  A jackal skeleton (D:2)
  A jackal zombie (D:2)
  8 kobolds
  2 rats (D:2)
66 creatures vanquished.

Notes
Turn   | Place    | Note
-------+----------+-------------------------------------------
     0 | D:1      | lunkers the Meteoran Shapeshifter began the quest for the
                  | Orb.
     0 | D:1      | Reached XP level 1. HP: 16/16 MP: 2/2
    55 | D:1      | Reached XP level 2. HP: 21/23 MP: 3/3
    59 | D:1      | Reached skill level 4 in Unarmed Combat
   231 | D:1      | Reached XP level 3. HP: 27/28 MP: 4/4
   457 | D:1      | Found Naohap's Distillery.
   525 | D:2      | Reached XP level 4. HP: 20/35 MP: 5/5
   537 | D:2      | Reached skill level 5 in Unarmed Combat
   675 | D:2      | Found a snail-covered altar of Cheibriados.
   934 | D:3      | Found Ymixubb's Assorted Antiques.
   986 | D:3      | Reached XP level 5. HP: 30/40 MP: 6/6
  1080 | D:3      | Found Huntyvao's Distillery.
  1236 | D:3      | Found Fyrchugg's Antique Armour Boutique.
  1531 | D:4      | Reached skill level 6 in Unarmed Combat
  1706 | D:5      | Entered Level 5 of the Dungeon
  1768 | D:5      | Reached skill level 5 in Shapeshifting
  1768 | D:5      | Reached XP level 6. HP: 43/47 MP: 7/7
  1778 | D:5      | Noticed a steam dragon
  1797 | D:5      | Killed a steam dragon
  1797 | D:5      | HP: 3/70 [poisoned by a scorpion]
  1798 | D:5      | Reached skill level 7 in Unarmed Combat
  1798 | D:5      | Reached XP level 7. HP: 3/52 MP: 8/8
  1798 | D:5      | Slain by a gnoll

Illustrated notes

Levels and vault maps discovered:
D:1:      shiori_arrival_maze, layout_basic, serial_shops,
          nicolae_shop_behind_doors
D:2:      layout_rooms, serial_undead, serial_undead_c, serial_undead_a,
          serial_undead_b, serial_undead_f, serial_undead_a, serial_undead_b,
          basic_altar, minmay_tripent
D:3:      layout_loops_ring, serial_shops, nicolae_shop_crystal, shop,
          nicolae_shop_overgrown_old_shop
D:4:      layout_gridville
D:5:      layout_basic, temple_hall

Skill      XL: |  1  2  3  4  5  6 |
---------------+-------------------+-----
Unarmed Combat | 4 5 6 7 |  7.5
Shapeshifting  | 4 5 |  5.6
Fighting       | |  1.1
Dodging        | |  2.1

Action                     |  1- 3 |  4- 6 |  7- 9 || total
---------------------------+-------+-------+-------++-------
  Melee: Unarmed           |    79 |   107 |       ||   186
         Punch             |     1 |     2 |       ||     3
  Evoke: Wand              |       |       |     1 ||     1
    Use: Potion            |       |     1 |       ||     1
 Armour: Animal skin       |    40 |    20 |       ||    60
         Scale mail        |       |    46 |       ||    46
         Skin              |       |    15 |     2 ||    17
  Dodge: Dodged            |    63 |    73 |       ||   136

Table legend: (Time is in decaauts)
 A = Elapsed time spent in this place.
 B = Non-inter-level travel time spent in this place.
 C = Inter-level travel time spent in this place.
 D = Time resting spent in this place.
 E = Time spent auto-exploring this place.
 F = Levels seen in this place.
 G = Mean time per level.
                   A        B        C        D        E       F      G
               +--------+--------+--------+--------+--------+-----+--------+
         Total |   1779 |   1724 |     55 |      0 |   1281 |   5 |  355.8 |
       Dungeon |   1779 |   1724 |     55 |      0 |   1281 |   5 |  355.8 |
               +--------+--------+--------+--------+--------+-----+--------+

Top non-repeatable levels by time:
     D:3: 589 daAuts
     D:1: 463 daAuts
     D:2: 342 daAuts
     D:4: 295 daAuts
     D:5: 88 daAuts
